 Dungeon Crawl Stone Soup version 0.28-a0-773-g130ae17fe5 (webtiles) character file.

Game seed: 10809037464535978072

31 spiderkeys the Skirmisher (level 3, -11/36 HPs)
             Began as a Troll Abyssal Knight on Nov 1, 2021.
             Was a Follower of Lugonu.
             Mangled by an air elemental (12 damage)
             ... on level 2 of the Abyss.
             The game lasted 00:00:22 (74 turns).

spiderkeys the Skirmisher (Troll Abyssal Knight)      Turns: 74, Time: 00:00:23

Health: -11/36     AC:  4    Str: 22    XL:     3   Next: 7%
Magic:  3/3        EV: 10    Int:  6    God:    Lugonu [*.....]
Gold:   9          SH:  0    Dex: 10    Spells: 2/2 levels left

rFire   . . .      SeeInvis .     - Unarmed
rCold   . . .      Faith    .   (no shield)
rNeg    . . .      Spirit   .   a - +0 robe
rPois   .          Reflect  .   (helmet restricted)
rElec   .          Harm     .   (no cloak)
rCorr   .          Rampage  .   (gloves unavailable)
Will    .....                   (boots unavailable)
Stlth   +.........              (no amulet)
HPRegen 1.12/turn               (no ring)
MPRegen 0.08/turn               (no ring)

@: no status effects
A: large, unfitting armour, claws 3, regeneration 1, shaggy fur 1, tough skin 1
a: Renounce Religion, Depart the Abyss


You were on level 2 of the Abyss.
You worshipped Lugonu.
Lugonu was aware of your devotion.
You visited 0 branches of the dungeon, and saw 0 of its levels.
You visited the Abyss 1 time.

You collected 9 gold pieces.


Innate Abilities, Weirdness & Mutations

You are too large for most types of armour.
You have claws for hands.
Your natural rate of healing is unusually fast.
You are covered in fur. (AC +1)
You have tough skin. (AC +1)


   Skills:
 + Level 2.7 Fighting
 + Level 2.2 Dodging
 + Level 2.4 Unarmed Combat
 + Level 2.1 Invocations


You had 2 spell levels left.
You didn't know any spells.
Your spell library was empty.

Inventory:

Armour
 a - a +0 robe (worn)
Magical Staves
 b - a staff of earth {!a}
   (You found it on level 2 of the Abyss)

Dungeon Overview and Level Annotations

Branches:
Dungeon (0/15)

Altars:

. #. #.. ##. #.#
#.#.. # ..##..
####.... . ....#
##.##.#.# #.
#..#........##.
#.E##....#.#.# ##
#.....#@..#... .#
. ##
##..###.##...#.###
## # #.
#..#.#........ ..
.. ##.#....## ..
... ## ...#.. . .
. .. ###.. .....
..... #....
#...... ..
...#...# .#.. ..
.# .# #. .#. .. #
.


You could see an air elemental.


Message History

🤖 Initializing magus.rc ... ✅ Successfully initialized magus.rc [v1.9.10] Welcome, spiderkeys the Troll Abyssal Knight.
They say the Orb of Zot lies within this dungeon, but they say a lot of things.
Lugonu says: Depart the Abyss and spread corruption, my servant! (use the ability menu to exit the Abyss) Press ? for a list of commands and other information.
Found 9 gold pieces.
Found a corrupted altar of Lugonu.
You now have 9 gold pieces.
Found a gateway leading deeper into the Abyss.
There is a gateway leading deeper into the Abyss here.
You plunge deeper into the Abyss.
Found a corrupted altar of Lugonu.
Found a gateway leading out of the Abyss.
b - a staff of earth {!a} A quasit comes into view.
The quasit gives a chilling moan.
You closely miss the quasit.
The quasit bites you but does no damage.
The quasit claws you but does no damage. x2
You miss the quasit. The quasit closely misses you.
The quasit claws you but does no damage.
The quasit closely misses you.
You claw the quasit! The quasit bites you.
The quasit claws you but does no damage.
The quasit claws you. The quasit barely misses you. x2
The quasit claws you but does no damage. 😕 HP[-3]
You take 3 damage, and now have 19/22 hp.
You closely miss the quasit. The quasit barely misses you.
The quasit claws you but does no damage. x2
You miss the quasit.
The quasit bites you but does no damage.
The quasit claws you but does no damage.
The quasit barely misses you. 😕 HP[+1]
You scratch the quasit. The quasit closely misses you. x2
The quasit claws you.
You barely miss the quasit.
The quasit bites you but does no damage.
The quasit claws you but does no damage. x2 😕 HP[+1]
You miss the quasit. The quasit barely misses you. x2
The quasit claws you but does no damage.
The quasit closely misses you.
The quasit claws you but does no damage.
The quasit closely misses you. 😎 HP[+1]
Your hp is fully restored (22).
You closely miss the quasit. The quasit completely misses you.
The quasit claws you but does no damage.
The quasit barely misses you.
You miss the quasit. The quasit barely misses you.
The quasit claws you but does no damage.
The quasit closely misses you.
You claw the quasit!
You kill the quasit!
Your Dodging skill increases to level 2!
Your Invocations skill increases to level 2!
You have reached level 2!
You have reached level 3!
Your experience leads to an increase in your attributes!
Increase (S)trength, (I)ntelligence, or (D)exterity?
You feel stronger. x2 😎 HP[+14] MP[+2]
You now have 36 max hp (+14).
Your hp is fully restored (36).
Your mp is fully restored (3).
The substance of the Abyss twists violently, and a gateway leading out appears!
There is a gateway leading out of the Abyss here.
An air elemental comes into view.
The air elemental hits you!
There is a gateway leading out of the Abyss, spattered with blood here. 😮 HP[-9]
You take 9 damage, and now have 27/36 hp.
MASSIVE DAMAGE!! (PAUSE)
You miss the air elemental. The air elemental hits you.
The air elemental hits you!
* * * LOW HITPOINT WARNING * * *
😨 HP[-17]
You take 17 damage, and now have 10/36 hp.
MASSIVE DAMAGE!! (PAUSE)
You miss the air elemental. The air elemental hits you!
* * * LOW HITPOINT WARNING * * *
The air elemental hits you.
* * * LOW HITPOINT WARNING * * *
The air elemental hits you!
You die...

Skill      XL: |  1 |
---------------+----+-----
Dodging        | 2 |  2.2
Invocations    | 2 |  2.1
Fighting       | |  2.7
Unarmed Combat | |  2.4

Action                   || total
-------------------------++-------
Melee: Unarmed           ||    13
Armor: Robe              ||    17
Dodge: Dodged            ||    16

Levels and vault maps discovered:
Abyss:2:  base: Temple, hangedman_abyss_or_decor_stabs

Notes
Turn   | Place    | Note
-------+----------+-------------------------------------------
     0 | Abyss:1  | spiderkeys the Troll Abyssal Knight began the quest for the
                  | Orb.
     0 | Abyss:1  | Reached XP level 1. HP: 22/22 MP: 1/1
     0 | Abyss:1  | magus.rc [v1.9.10]
    20 | Abyss:2  | Found a corrupted altar of Lugonu.
    51 | Abyss:2  | Noticed a quasit
    69 | Abyss:2  | Killed a quasit
    70 | Abyss:2  | Reached skill level 2 in Dodging
    70 | Abyss:2  | Reached skill level 2 in Invocations
    70 | Abyss:2  | Reached XP level 2. HP: 29/29 MP: 2/2
    70 | Abyss:2  | Reached XP level 3. HP: 36/36 MP: 3/3
    71 | Abyss:2  | Noticed an air elemental
    74 | Abyss:2  | HP: 3/36 [air elemental (8)]
    74 | Abyss:2  | HP: 1/36 [air elemental (2)]
    74 | Abyss:2  | Mangled by an air elemental

Vanquished Creatures
  A quasit (Abyss:2)
1 creature vanquished.

Table legend:
 A = Non-vault XP
 B = Vault XP
 C = Vault XP percentage of total XP
 D = Non-vault monster count
 E = Vault monster count
 F = Vault count percentage of total count
                 A         B        C        D         E       F
            +---------+---------+-------+---------+---------+-------
      Total |      45 |       0 |   0.0 |       1 |       0 |   0.0
            +---------+---------+-------+---------+---------+-------
    Abyss:2 |      45 |       0 |   0.0 |       1 |       0 |   0.0
            +---------+---------+-------+---------+---------+-------

Illustrated notes

Table legend:
 A = Kills in this place as a percentage of kills in entire the game.
 B = Kills by you in this place as a percentage of kills by you in the entire game.
 C = Kills by friends in this place as a percentage of kills by friends in the entire game.
 D = Other kills in this place as a percentage of other kills in the entire game.
 E = Experience gained in this place as a percentage of experience gained in the entire game.
 F = Experience gained in this place divided by the number of levels of this place that you have seen.
                   A       B       C       D       E      F
               +-------+-------+-------+-------+-------+----------------------
         Total | 100.0 | 100.0 |   N/A |   N/A | 100.0 |  22.5
         Abyss | 100.0 | 100.0 |   N/A |   N/A | 100.0 |  22.5
               +-------+-------+-------+-------+-------+----------------------

Table legend: (Time is in decaauts)
 A = Elapsed time spent in this place.
 B = Non-inter-level travel time spent in this place.
 C = Inter-level travel time spent in this place.
 D = Time resting spent in this place.
 E = Time spent auto-exploring this place.
 F = Levels seen in this place.
 G = Mean time per level.
                   A        B        C        D        E       F      G
               +--------+--------+--------+--------+--------+-----+--------+
         Total |     73 |     73 |      0 |      0 |     11 |   2 |   36.5 |
         Abyss |     73 |     73 |      0 |      0 |     11 |   2 |   36.5 |
               +--------+--------+--------+--------+--------+-----+--------+

Top non-repeatable levels by time:
 Abyss:2: 53 daAuts
 Abyss:1: 20 daAuts
